General information
- name: BNet
- type: Ladder team game (AT/RT)
- host: Battle.net
- saver: FRFR
map: MarketSquare
- players: 8
- length: 28:39
- speed: Fast
- version: 1.26 W3XP
- replay type: Public
» download(171 KB)
Players
team 1 (winner)
Newbs. (
teal | 18 APM | 108 actions | 05:50)
1 Blood Mage
1 Flame Strike
» actions
| Build / train | 19 | |
| Enter build submenu | 13 | |
| Enter hero's abilities submenu | 1 | |
| Right click | 12 | |
| Select / deselect | 48 | |
| Use ability | 15 | |
108 total
» units
» upgrades
» buildings
| Altar of Kings | 1 | |
| Farm | 6 | |
| Lumber Mill | 1 | |
| Scout Tower | 1 | |
| Arcane Tower | 1 | |
| Blacksmith | 1 | |
| Keep | 1 | |
| Castle | 1 | |
| Workshop | 2 | |
15 total
» build order
00:25 Altar of Kings
00:39 Farm
00:55 Lumber Mill
01:15 Farm
01:30 Scout Tower
01:59 Arcane Tower
02:10 Blacksmith
03:06 Keep
03:13 Farm
03:54 Farm
04:38 Farm
05:32 Castle
05:35 Farm
05:41 Workshop
05:44 Workshop
Psychic (
orange | 66 APM | 304 actions | 04:37)
» actions
| Assign group hotkey | 8 | |
| Build / train | 14 | |
| ESC pressed | 3 | |
| Enter build submenu | 16 | |
| Remove unit from queue | 1 | |
| Right click | 120 | |
| Select / deselect | 106 | |
| Select group hotkey | 25 | |
| Use ability | 11 | |
304 total
» units
» buildings
| Crypt | 1 | |
| Graveyard | 1 | |
| Ziggurat | 5 | |
| Halls of the Dead | 2 | |
| Tomb of Relics | 1 | |
10 total
» build order
00:12 Crypt
00:30 Graveyard
00:41 Ziggurat
00:53 Ziggurat
01:34 Ziggurat
02:28 Halls of the Dead
02:28 Halls of the Dead
02:46 Ziggurat
03:04 Tomb of Relics
04:12 Ziggurat
FALLOUT4-INC (
blue | 60 APM | 1716 actions | 28:39)
4 Mountain King
2 Storm Bolt
2 Bash
» actions
| Assign group hotkey | 36 | |
| Basic commands | 3 | |
| Build / train | 94 | |
| Enter build submenu | 24 | |
| Enter hero's abilities submenu | 4 | |
| Give item / drop item | 1 | |
| Remove unit from queue | 1 | |
| Right click | 735 | |
| Select / deselect | 263 | |
| Select group hotkey | 488 | |
| Use ability | 67 | |
1716 total
» units
| Peasant | 12 | |
| Footman | 3 | |
| Gryphon Rider | 8 | |
| Siege Engine | 5 | |
| Flying Machine | 12 | |
40 total
» upgrades
| Lumber Harvesting | 2 | |
| Masonry | 4 | |
| Barrage | 2 | |
| Gunpowder | 1 | |
| Plating | 1 | |
| Storm Hammers | 1 | |
| Animal War Training | 1 | |
| Swords | 2 | |
| Armor | 1 | |
15 total
» buildings
| Altar of Kings | 1 | |
| Barracks | 1 | |
| Farm | 15 | |
| Scout Tower | 25 | |
| Arcane Tower | 3 | |
| Keep | 1 | |
| Lumber Mill | 1 | |
| Arcane Vault | 1 | |
| Guard Tower | 13 | |
| Castle | 2 | |
| Gryphon Aviary | 2 | |
| Halls of the Dead | 2 | |
| Nerubian Tower | 1 | |
| Blacksmith | 1 | |
| Workshop | 2 | |
71 total
» build order
00:07 Altar of Kings
00:22 Barracks
00:38 Farm
00:51 Farm
01:28 Scout Tower
01:56 Arcane Tower
01:56 Arcane Tower
02:45 Keep
02:53 Farm
03:00 Scout Tower
03:08 Lumber Mill
03:43 Arcane Tower
03:49 Scout Tower
03:50 Scout Tower
03:51 Scout Tower
04:04 Arcane Vault
04:23 Guard Tower
04:24 Guard Tower
04:31 Guard Tower
04:32 Guard Tower
05:34 Castle
05:34 Castle
06:15 Gryphon Aviary
06:28 Halls of the Dead
06:39 Gryphon Aviary
06:54 Nerubian Tower
07:17 Farm
07:19 Farm
07:20 Farm
07:54 Scout Tower
07:55 Scout Tower
07:55 Scout Tower
08:37 Guard Tower
08:57 Scout Tower
08:57 Scout Tower
08:59 Scout Tower
08:59 Scout Tower
08:59 Scout Tower
09:49 Scout Tower
09:49 Scout Tower
09:50 Scout Tower
10:30 Guard Tower
10:35 Guard Tower
11:33 Guard Tower
11:40 Scout Tower
11:40 Scout Tower
11:41 Scout Tower
11:42 Scout Tower
11:42 Scout Tower
11:43 Scout Tower
12:14 Scout Tower
12:14 Scout Tower
12:14 Scout Tower
12:41 Guard Tower
12:41 Guard Tower
12:59 Guard Tower
13:16 Guard Tower
14:16 Blacksmith
14:57 Workshop
19:35 Farm
19:36 Farm
19:36 Farm
19:36 Farm
19:37 Farm
19:37 Farm
22:22 Workshop
22:24 Farm
22:24 Farm
» items
| Ivory Tower | 3 | |
| Scroll of Town Portal | 2 | |
| Scroll of Regeneration | 4 | |
| Potion of Mana | 1 | |
10 total
hahahahaha (
yellow | 97 APM | 2791 actions | 28:39)
6 Archmage
3 Summon Water Elemental
2 Brilliance Aura
1 Mass Teleport
» actions
| Assign group hotkey | 61 | |
| Basic commands | 36 | |
| Build / train | 217 | |
| ESC pressed | 5 | |
| Enter build submenu | 87 | |
| Enter hero's abilities submenu | 6 | |
| Give item / drop item | 2 | |
| Right click | 1137 | |
| Select / deselect | 405 | |
| Select group hotkey | 667 | |
| Use ability | 168 | |
2791 total
» units
| Peasant | 24 | |
| Footman | 7 | |
| Gryphon Rider | 8 | |
| Dragonhawk Rider | 5 | |
44 total
» upgrades
| Masonry | 3 | |
| Animal War Training | 1 | |
| Swords | 3 | |
| Armor | 3 | |
| Lumber Harvesting | 1 | |
| Cloud | 1 | |
| Storm Hammers | 1 | |
13 total
» buildings
| Altar of Kings | 1 | |
| Barracks | 1 | |
| Farm | 13 | |
| Lumber Mill | 4 | |
| Scout Tower | 51 | |
| Arcane Vault | 1 | |
| Arcane Tower | 7 | |
| Town Hall | 2 | |
| Guard Tower | 96 | |
| Keep | 8 | |
| Castle | 3 | |
| Gryphon Aviary | 4 | |
| Blacksmith | 2 | |
193 total
» build order
00:40 Altar of Kings
00:52 Barracks
00:54 Farm
01:06 Farm
01:21 Farm
01:49 Lumber Mill
01:59 Farm
02:06 Scout Tower
02:25 Arcane Vault
02:38 Arcane Tower
02:38 Arcane Tower
02:39 Arcane Tower
03:14 Scout Tower
03:53 Scout Tower
03:55 Scout Tower
03:56 Scout Tower
04:00 Town Hall
04:27 Guard Tower
04:28 Guard Tower
04:51 Scout Tower
05:02 Scout Tower
05:23 Scout Tower
05:26 Scout Tower
05:28 Scout Tower
05:42 Guard Tower
05:50 Arcane Tower
05:51 Arcane Tower
05:51 Arcane Tower
06:01 Guard Tower
06:01 Guard Tower
06:02 Guard Tower
06:30 Scout Tower
06:31 Scout Tower
06:39 Scout Tower
06:40 Scout Tower
06:44 Scout Tower
06:58 Guard Tower
06:58 Guard Tower
06:58 Guard Tower
06:58 Guard Tower
06:59 Guard Tower
07:08 Scout Tower
07:08 Scout Tower
07:10 Scout Tower
07:14 Guard Tower
07:15 Guard Tower
07:15 Guard Tower
07:15 Guard Tower
07:29 Guard Tower
07:29 Guard Tower
07:29 Guard Tower
07:31 Scout Tower
07:43 Scout Tower
07:47 Scout Tower
08:01 Scout Tower
08:03 Scout Tower
08:06 Guard Tower
08:07 Guard Tower
08:14 Scout Tower
08:14 Guard Tower
08:14 Guard Tower
08:15 Guard Tower
08:15 Guard Tower
08:20 Scout Tower
08:31 Guard Tower
08:31 Guard Tower
08:39 Guard Tower
08:39 Guard Tower
08:47 Guard Tower
08:47 Guard Tower
08:47 Guard Tower
08:49 Scout Tower
09:01 Guard Tower
09:02 Guard Tower
09:02 Guard Tower
09:04 Guard Tower
09:04 Guard Tower
09:04 Guard Tower
09:11 Guard Tower
09:11 Guard Tower
09:16 Guard Tower
09:17 Guard Tower
09:17 Guard Tower
09:23 Guard Tower
09:28 Lumber Mill
09:31 Lumber Mill
09:34 Lumber Mill
09:48 Keep
09:48 Keep
09:49 Keep
10:05 Scout Tower
10:06 Scout Tower
10:08 Scout Tower
10:09 Scout Tower
10:09 Scout Tower
10:10 Scout Tower
10:11 Scout Tower
10:14 Scout Tower
10:36 Guard Tower
10:36 Guard Tower
10:42 Guard Tower
10:42 Guard Tower
10:42 Guard Tower
10:46 Guard Tower
10:47 Guard Tower
11:30 Scout Tower
11:30 Scout Tower
11:32 Scout Tower
11:39 Keep
11:39 Keep
11:55 Scout Tower
11:58 Scout Tower
11:59 Scout Tower
12:02 Guard Tower
12:02 Guard Tower
12:03 Guard Tower
12:03 Guard Tower
12:03 Guard Tower
12:07 Guard Tower
12:07 Guard Tower
12:08 Guard Tower
12:56 Castle
12:57 Castle
14:28 Gryphon Aviary
14:28 Gryphon Aviary
14:30 Gryphon Aviary
14:31 Blacksmith
14:32 Blacksmith
14:38 Gryphon Aviary
14:45 Guard Tower
14:45 Guard Tower
14:45 Guard Tower
14:45 Guard Tower
17:11 Farm
17:14 Farm
17:24 Farm
17:25 Farm
19:58 Farm
20:20 Farm
20:58 Farm
20:58 Farm
20:59 Farm
21:35 Scout Tower
21:36 Scout Tower
21:36 Scout Tower
26:35 Scout Tower
26:36 Scout Tower
26:37 Scout Tower
26:38 Scout Tower
26:39 Scout Tower
26:40 Scout Tower
26:41 Scout Tower
26:42 Scout Tower
27:57 Town Hall
28:04 Guard Tower
28:04 Guard Tower
» items
| Scroll of Regeneration | 3 | |
| Mechanical Critter | 3 | |
| Scroll of Town Portal | 2 | |
| Staff of Sanctuary | 1 | |
| Potion of Healing | 1 | |
| Potion of Lesser Invulnerability | 1 | |
| Periapt of Vitality | 1 | |
| Scroll of Protection | 1 | |
13 total
team 2 (loser)
Timing. (
pink | 68 APM | 1835 actions | 27:10)
4 Blademaster
2 Wind Walk
2 Critical Strike
5 Shadow Hunter
2 Hex
3 Healing Wave
» actions
| Assign group hotkey | 23 | |
| Basic commands | 102 | |
| Build / train | 68 | |
| Enter build submenu | 27 | |
| Enter hero's abilities submenu | 9 | |
| Give item / drop item | 4 | |
| Right click | 919 | |
| Select / deselect | 217 | |
| Select group hotkey | 366 | |
| Use ability | 100 | |
1835 total
» units
| Peon | 14 | |
| Wind Rider | 10 | |
| Troll Batrider | 13 | |
37 total
» upgrades
| Armor | 3 | |
| Envenomed Spears | 1 | |
| Ranged Weapons | 2 | |
| Reinforced Defenses | 1 | |
7 total
» buildings
| Altar of Storms | 1 | |
| Orc Burrow | 8 | |
| Voodoo Lounge | 1 | |
| War Mill | 1 | |
| Stronghold | 2 | |
| Fortress | 1 | |
| Beastiary | 2 | |
| Watch Tower | 6 | |
| Great Hall | 5 | |
27 total
» build order
00:07 Altar of Storms
00:15 Orc Burrow
00:49 Voodoo Lounge
01:39 War Mill
02:32 Stronghold
02:32 Stronghold
02:37 Orc Burrow
04:01 Orc Burrow
05:09 Fortress
05:18 Beastiary
05:28 Beastiary
07:38 Orc Burrow
08:58 Orc Burrow
12:03 Watch Tower
12:09 Orc Burrow
13:08 Watch Tower
13:41 Watch Tower
14:48 Orc Burrow
15:59 Watch Tower
16:55 Great Hall
16:59 Great Hall
19:48 Watch Tower
20:29 Orc Burrow
20:36 Great Hall
21:00 Watch Tower
23:02 Great Hall
25:19 Great Hall
» items
| Healing Salve | 1 | |
| Lesser Clarity Potion | 2 | |
| Scroll of Speed | 1 | |
| Boots of Speed | 1 | |
| Circlet of Nobility | 1 | |
| Orb of Lightning | 1 | |
| Potion of Healing | 1 | |
8 total

»
flex_luther (
red | 55 APM | 1565 actions | 28:31)
4 Blademaster
2 Wind Walk
2 Critical Strike
» actions
| Assign group hotkey | 25 | |
| Basic commands | 20 | |
| Build / train | 55 | |
| Enter build submenu | 32 | |
| Enter hero's abilities submenu | 5 | |
| Right click | 887 | |
| Select / deselect | 327 | |
| Select group hotkey | 134 | |
| Use ability | 80 | |
1565 total
» units
| Peon | 11 | |
| Grunt | 8 | |
| Shaman | 4 | |
| Tauren | 1 | |
| Demolisher | 3 | |
| Troll Batrider | 2 | |
29 total
» upgrades
| Shaman Training | 2 | |
| Berserker Strength | 1 | |
| Melee Weapons | 2 | |
| Pulverize | 1 | |
| Armor | 1 | |
| Burning Oil | 1 | |
8 total
» buildings
| Altar of Storms | 1 | |
| Orc Burrow | 13 | |
| Barracks | 2 | |
| Voodoo Lounge | 1 | |
| Stronghold | 5 | |
| War Mill | 1 | |
| Fortress | 1 | |
| Spirit Lodge | 1 | |
| Tauren Totem | 3 | |
| Watch Tower | 8 | |
| Beastiary | 1 | |
| Great Hall | 1 | |
38 total
» build order
00:13 Altar of Storms
00:19 Orc Burrow
00:46 Barracks
01:25 Voodoo Lounge
01:49 Orc Burrow
03:36 Stronghold
03:36 Stronghold
03:36 Stronghold
03:37 Stronghold
04:01 Orc Burrow
04:39 War Mill
06:04 Fortress
06:08 Spirit Lodge
08:57 Tauren Totem
09:00 Tauren Totem
09:42 Tauren Totem
10:33 Orc Burrow
10:35 Orc Burrow
12:25 Orc Burrow
13:37 Orc Burrow
13:39 Orc Burrow
15:06 Orc Burrow
15:09 Orc Burrow
15:12 Watch Tower
15:13 Watch Tower
17:09 Orc Burrow
17:14 Orc Burrow
17:17 Orc Burrow
17:20 Watch Tower
17:21 Watch Tower
17:24 Watch Tower
17:26 Watch Tower
17:28 Watch Tower
17:30 Watch Tower
17:57 Barracks
18:34 Beastiary
22:20 Great Hall
» items
| Healing Salve | 1 | |
| Lesser Clarity Potion | 2 | |
| Scroll of Speed | 1 | |
| Orb of Lightning | 1 | |
| Boots of Speed | 1 | |
6 total
FRFR (
green | 41 APM | 1168 actions | 28:39)
5 Blademaster
3 Wind Walk
2 Critical Strike
» actions
| Assign group hotkey | 61 | |
| Basic commands | 177 | |
| Build / train | 53 | |
| Enter build submenu | 31 | |
| Enter hero's abilities submenu | 5 | |
| Give item / drop item | 2 | |
| Right click | 383 | |
| Select / deselect | 257 | |
| Select group hotkey | 122 | |
| Use ability | 76 | |
1168 total
» units
» upgrades
| Ranged Weapons | 3 | |
| Armor | 3 | |
| Reinforced Defenses | 1 | |
| Envenomed Spears | 1 | |
8 total
» buildings
| Orc Burrow | 7 | |
| Altar of Storms | 1 | |
| Barracks | 1 | |
| Voodoo Lounge | 1 | |
| Stronghold | 1 | |
| War Mill | 1 | |
| Great Hall | 2 | |
| Fortress | 1 | |
| Beastiary | 4 | |
| Watch Tower | 18 | |
37 total
» build order
00:11 Orc Burrow
00:58 Altar of Storms
01:00 Barracks
01:21 Orc Burrow
02:02 Voodoo Lounge
02:59 Stronghold
04:48 War Mill
04:52 Orc Burrow
06:17 Great Hall
06:47 Fortress
07:55 Beastiary
07:56 Beastiary
07:57 Beastiary
07:57 Beastiary
11:05 Great Hall
16:21 Watch Tower
16:22 Watch Tower
16:22 Watch Tower
16:24 Watch Tower
16:24 Watch Tower
16:25 Watch Tower
16:27 Watch Tower
16:27 Watch Tower
16:28 Watch Tower
16:28 Watch Tower
16:30 Watch Tower
16:31 Watch Tower
16:42 Orc Burrow
16:44 Orc Burrow
16:52 Orc Burrow
16:56 Orc Burrow
17:27 Watch Tower
17:28 Watch Tower
17:30 Watch Tower
17:33 Watch Tower
17:35 Watch Tower
17:36 Watch Tower
» items
| Healing Salve | 1 | |
| Orb of Lightning | 1 | |
| Scroll of Town Portal | 2 | |
4 total

»
trollWeedhunter (
purple | 41 APM | 1088 actions | 26:31)
3 Far Seer
2 Feral Spirit
1 Chain Lighting
2 Tauren Chieftain
1 Shockwave
1 Endurance Aura
» actions
| Assign group hotkey | 5 | |
| Basic commands | 39 | |
| Build / train | 71 | |
| Enter build submenu | 20 | |
| Enter hero's abilities submenu | 5 | |
| Remove unit from queue | 5 | |
| Right click | 507 | |
| Select / deselect | 290 | |
| Select group hotkey | 108 | |
| Use ability | 38 | |
1088 total
» units
| Peon | 18 | |
| Troll Headhunter/Berserker | 13 | |
| Demolisher | 10 | |
| Troll Witch Doctor | 2 | |
43 total
» upgrades
| Ranged Weapons | 3 | |
| Armor | 3 | |
| Troll Regeneration | 1 | |
| Burning Oil | 1 | |
| Witch Doctor Training | 2 | |
| Berserker Upgrade | 1 | |
11 total
» buildings
| Altar of Storms | 1 | |
| Orc Burrow | 9 | |
| War Mill | 1 | |
| Barracks | 1 | |
| Voodoo Lounge | 1 | |
| Stronghold | 1 | |
| Fortress | 1 | |
| Great Hall | 3 | |
| Spirit Lodge | 1 | |
19 total
» build order
00:09 Altar of Storms
00:14 Orc Burrow
01:17 War Mill
01:23 Barracks
01:39 Orc Burrow
02:36 Voodoo Lounge
04:48 Stronghold
04:52 Orc Burrow
05:59 Orc Burrow
09:26 Fortress
09:36 Great Hall
10:24 Orc Burrow
14:29 Spirit Lodge
15:57 Orc Burrow
21:12 Orc Burrow
21:13 Orc Burrow
21:15 Orc Burrow
23:48 Great Hall
24:00 Great Hall
» items
| Healing Salve | 2 | |
| Lesser Clarity Potion | 1 | |
3 total
Chat log
(00:41 / Allies) Timing.: altar
(00:41 / Allies) Timing.: rush
(00:42 / Allies) Timing.: go
(01:01 / Allies) flex_luther: WE RUSHIN?
(01:03 / Allies) flex_luther: woops
(01:04 / Allies) trollWeedhunter: yes
(01:07 / Allies) flex_luther: k
(03:14 / All) Timing.: LOL
(03:16 / All) Timing.: nice mh
(03:17 / All) Timing.: oj
(03:23 / All) hahahahaha: nice level 1 harass
(03:26 / All) hahahahaha: dipshit pink
(03:33 / All) Timing.: noobs
(04:17 / All) Timing.: nice expo
(04:39 / All) Timing.: gg
(04:40 / All) Timing.: bye
(04:42 / All) flex_luther: lmao
(05:03 / All) Newbs.: gg, have to get back to My movie
(05:04 / All) Timing.: rofl
(05:21 / All) Newbs.: random four teams is nothing special newb
(05:25 / All) Newbs.: half and half
(05:29 / All) Newbs.: get a clue
(05:55 / All) Timing.: qq
(05:59 / All) Timing.: save time
(06:38 / Allies) flex_luther: what we doin
(06:46 / Allies) Timing.: hit ud
(06:46 / Allies) trollWeedhunter: thought rushin
(06:48 / Allies) trollWeedhunter: i massed
(06:50 / Allies) FRFR: lumber?
(07:00 / Allies) trollWeedhunter: b
(07:01 / Allies) trollWeedhunter: b
(07:01 / Allies) trollWeedhunter: b
(07:21 / Allies) trollWeedhunter: makin pults
(07:26 / Allies) flex_luther: main
(07:43 / Allies) flex_luther: everyone get over here
(07:52 / All) Timing.: leave pls
(07:59 / All) hahahahaha: why leave when you lose
(08:27 / All) Timing.: ddrop hack install ?
(08:34 / Allies) flex_luther: check for expos
(08:35 / All) Timing.: !nolag
(09:23 / Allies) flex_luther: stop him from getting them twores up
(09:52 / Allies) flex_luther: nice
(10:12 / Allies) trollWeedhunter: bcak me up
(11:55 / Allies) flex_luther: hes going there next
(11:57 / Allies) flex_luther: probably
(12:13 / Allies) FRFR: lumber?
(12:55 / Allies) flex_luther: ty
(13:06 / Allies) flex_luther: damn
(13:07 / Allies) flex_luther: wait
(13:10 / Allies) flex_luther: let demos get em
(13:41 / Allies) FRFR: lumber?
(14:54 / All) flex_luther: lol woops
(15:31 / All) flex_luther: really tho?
(16:35 / Allies) FRFR: lumber?
(16:47 / Allies) trollWeedhunter: back me up
(17:02 / Allies) trollWeedhunter: demo push
(17:47 / Allies) flex_luther: b
(17:49 / Allies) flex_luther: dont go in with air
(19:00 / Allies) FRFR: lumbeR?
(19:05 / Allies) Timing.: ...
(19:08 / Allies) Timing.: just gave you 600
(19:10 / Allies) Timing.: build peons
(19:12 / Allies) flex_luther: hes a lumberman
(19:18 / Allies) flex_luther: cant get enough of it
(19:21 / Allies) Timing.: wtf
(19:23 / Allies) Timing.: green
(19:41 / Allies) flex_luther: lol
(19:44 / Allies) flex_luther: yellow cant even get out
(19:48 / Allies) flex_luther: he's barracaded himself in there
(20:03 / Allies) Timing.: give gold
(20:21 / Allies) Timing.: green i mean
(20:48 / All) flex_luther: finesssinnnn
(20:49 / All) flex_luther: finessin
(21:25 / Allies) flex_luther: aw man
(21:26 / Allies) flex_luther: green
(22:11 / Allies) flex_luther: we gona lose :(
(22:48 / Allies) Timing.: green
(22:49 / Allies) Timing.: go
(22:53 / Allies) flex_luther: green is tking
(22:55 / Allies) flex_luther: its over
(23:02 / Allies) flex_luther: no hope for us
(23:43 / Allies) Timing.: kill green
(23:44 / Allies) Timing.: now
(23:49 / All) FALLOUT4-INC: 4-1 pink
(23:55 / All) flex_luther: green is tking
(23:57 / All) flex_luther: i think u guys win
(23:59 / All) FALLOUT4-INC: we know
(24:03 / All) FALLOUT4-INC: get a clue
(24:05 / All) FALLOUT4-INC: niggers
(24:05 / Allies) Timing.: KILL
(24:07 / Allies) Timing.: GREEN
(24:09 / Allies) Timing.: fucking
(24:11 / Allies) Timing.: dumbshits
(24:18 / Allies) flex_luther: he already killed me
(24:20 / Allies) flex_luther: so
(24:39 / Allies) flex_luther: im just gonna listen to young thug as we lose
(25:03 / Allies) flex_luther: hes too elusive
(25:39 / All) Timing.: 4-0 is easy
(25:43 / All) Timing.: l2p noobs
(25:46 / All) FALLOUT4-INC: good make new acct
(25:51 / All) Timing.: lose more
(25:53 / All) Timing.: /stats
(26:05 / All) FALLOUT4-INC: mad
(26:06 / All) flex_luther: imma ride in that pussy like a stroller
(26:13 / All) Timing.: you should be
(26:16 / All) Timing.: you cant win
(26:27 / All) flex_luther: what r u talking about pink
(26:29 / Allies) flex_luther: they just won
(26:33 / All) flex_luther: they just won*
(26:41 / All) FALLOUT4-INC: lawl true red
(26:45 / All) FALLOUT4-INC: pink is in denial
(26:50 / All) Timing.: never win 1v1
(26:54 / All) flex_luther: me and papi on the same pillllllls
(27:02 / All) Timing.: ylw thinks
(27:07 / All) Timing.: hes good
(27:08 / All) Timing.: rofl
(27:15 / All) FALLOUT4-INC: yellow is better than u
(27:35 / All) FRFR: look LOL
(27:42 / All) flex_luther: im taking down green's shit
(27:48 / All) flex_luther: im still gonna win
(27:50 / All) flex_luther: aw shit
(27:51 / All) FRFR: nah
(27:56 / All) FRFR: you lose, pink 4-1 now
(28:28 / All) flex_luther: enjoy young thug
(28:36 / All) FRFR: lol
(28:38 / All) FALLOUT4-INC: u